 Dungeon Crawl Stone Soup version 0.21-a0-584-g185da8e (console) character file.

49730 Mandevil the Basher (level 14, 0/124 HPs)
             Began as a Purple Draconian Transmuter on Dec 20, 2017.
             Was the Champion of Okawaru.
             Hit by a large rock thrown by a stone giant (34 damage)
             ... on level 1 of the Orcish Mines.
             The game lasted 01:11:57 (22263 turns).

Mandevil the Basher (Purple Draconian Transmuter)  Turns: 22263, Time: 01:11:58

Health: 0/124      AC: 15    Str: 20    XL:     14   Next: 17%
Magic:  15/22      EV: 25    Int: 12    God:    Okawaru [******]
Gold:   1472       SH:  3    Dex: 11    Spells: 13/24 levels left

rFire    + . .     SeeInvis .   a - +9 morningstar {crush, +Rage rC+ rN++ Int-3}
rCold    + . .     Gourm    .   (no shield)
rNeg     + + +     Faith    .   (armour unavailable)
rPois    .         Spirit   .   U - +2 hat {MR+}
rElec    .         Reflect  +   (no cloak)
rCorr    .         Harm     .   P - +2 pair of gloves {Str+3}
MR       +++..                  W - +1 pair of boots
Stlth    +++.......             G - +3 amulet of reflection
HPRegen  0.30/turn              Z - ring of Giebeawk {rF+ rN+ Slay+4}
MPRegen  0.18/turn              e - +4 ring of evasion

@: about to teleport, heroism, finesse
A: breathe power, unfitting armour, cold-blooded, AC +8
a: Breathe Dispelling Energy, Heroism, Finesse, Renounce Religion, Evoke Berserk
Rage


You were on level 1 of the Orcish Mines.
You worshipped Okawaru.
Okawaru was exalted by your worship.
You were not hungry.

You visited 3 branches of the dungeon, and saw 20 of its levels.
You also visited: Ossuary and Volcano.

You collected 1472 gold pieces.

Inventory:

Hand Weapons
 a - the +9 morningstar "Ixiw" (weapon) {crush, +Rage rC+ rN++ Int-3}
   (You found it on level 7 of the Dungeon)

   It inflicts extra damage upon your enemies.
   It affects your intelligence (-3).
   It protects you from cold.
   It greatly protects you from negative energy.
   It lets you go berserk.
 J - a +2 flail of holy wrath
 R - a +0 blowgun
 V - a +2 morningstar of draining
Missiles
 b - 416 arrows
 j - 17 poisoned needles
 s - 454 stones
 t - 19 tomahawks (quivered)
 S - 8 silver javelins
Armour
 P - a +2 pair of gloves of strength (worn)
 U - a +2 hat of magic resistance (worn)
 W - a +1 pair of boots (worn)
Jewellery
 e - a +4 ring of evasion (right hand)
 k - an uncursed ring of see invisible
 u - an uncursed ring of resist corrosion
 G - a +3 amulet of reflection (around neck)
 X - an uncursed ring of protection from fire
 Z - the ring of Giebeawk (left hand) {rF+ rN+ Slay+4}
   (You found it on level 6 of the Lair of Beasts)

   [ring of positive energy]

   It affects your accuracy and damage with ranged weapons and melee attacks
   (+4).
   It protects you from fire.
   It protects you from negative energy.
Wands
 q - a wand of polymorph (19)
 x - a wand of paralysis (13)
 E - a wand of flame (36)
 F - a wand of clouds (7)
 H - a wand of iceblast (8)
 K - a wand of enslavement (9)
 N - a wand of digging (11)
 Y - a wand of disintegration (1)
Scrolls
 l - a scroll of enchant weapon
 m - a scroll of amnesia
 r - 3 scrolls of fog
 A - 6 scrolls of remove curse
 L - 3 scrolls of magic mapping
 T - 4 scrolls of teleportation
Potions
 f - 4 potions of berserk rage
 g - 11 potions of curing
 h - a potion of agility
 n - 2 potions of brilliance
 o - 4 potions of cancellation
 v - 4 potions of might
 w - 3 potions of haste
 y - 6 potions of flight
 D - 2 potions of ambrosia
 O - 3 potions of lignification
 Q - a potion of resistance
Miscellaneous
 M - a lightning rod (4/4)
Comestibles
 c - 28 rations
 i - 10 chunks of flesh


   Skills:
 - Level 11.3(16.3) Fighting
 * Level 14.3(19.3) Maces & Flails
 + Level 5.4(10.4) Throwing
 + Level 11.1(16.1) Dodging
 - Level 6.2(11.2) Unarmed Combat
 - Level 5.5 Spellcasting
 - Level 5.1 Transmutations
 - Level 8.2 Invocations


You had 13 spell levels left.
You knew the following spells:

 Your Spells              Type           Power        Failure   Level  Hunger
a - Beastly Appendage     Tmut           ###...       2%          1    None
b - Sticks to Snakes      Tmut           ###.....     3%          2    ##.....
c - Spider Form           Tmut/Pois      #.........   21%         3    ###....
e - Ice Form              Ice/Tmut       #.......     54%         4    ####...
C - Confusing Touch       Hex            #.....       19%         1    None


Dungeon Overview and Level Annotations

Branches:
Dungeon (13/15)            Temple (0/1) D:7            Lair (6/6) D:11
  Swamp (0/4) Lair:3        Snake (0/4) Lair:4        Slime (0/5) Lair:6
    Orc (1/2) D:11
 Vaults: D:13-14

Altars:
Ashenzari
Cheibriados
Dithmenos
Fedhas
Gozag
Nemelex Xobeh
Okawaru
Sif Muna
Vehumet
Wu Jian
Zin
The Shining One
Beogh

Shops:
D:8 :   D:9 [

Annotations:
D:12 Erolcha, Fannar, Nergalle
D:13 Sonja


Innate Abilities, Weirdness & Mutations

You can breathe bolts of dispelling energy.
Your rich purple scales are hard. (AC +8)
You cannot fit into any form of body armour.
You are cold-blooded and may be slowed by cold attacks.


Message History

The stone giant throws a large rock.
The large rock hits you!!!
You can now deal lightning-fast blows.
The stone giant throws a large rock.
The large rock hits you!!
* * * LOW HITPOINT WARNING * * *
Unknown command.
As you read the scroll of teleportation, it crumbles to dust.
You feel strangely unstable.
The stone giant throws a large rock.
The large rock completely misses you.
Throwing (i - inventory. (,) - cycle):
t - 21 tomahawks (quivered)
Press: ? - help, Shift-Dir - straight line, f - stone giant
Aim: a stone giant You throw a tomahawk.
The tomahawk hits the stone giant!!
The stone giant is moderately wounded.
Throwing (i - inventory. (,) - cycle):
t - 20 tomahawks (quivered)
Press: ? - help, Shift-Dir - straight line, f/p - stone giant
Aim: a stone giant (moderately wounded)
You throw a tomahawk. The tomahawk hits the stone giant!!
The stone giant is severely wounded.
The stone giant throws a large rock.
The large rock hits you!!
You die...

##..))).......
#..........#..
##........##
#$..$.....##
##.........##
#...........### .#.
#...#..#..).#.##....
#...........)(.....#
##.#......##[d....#.
##..................
........##.........
......#.#.......##.
....#.........## ...
........# ....C.....
.......#...#


You could see a stone giant.

Vanquished Creatures
  Gastronok (D:9)
  The ghost of Feta the Cleaver, a journeyman FoFi of Ru (Volcano)
  A centaur warrior (D:12)
  A two-headed ogre (D:12)
  3 catoblepae (Lair:6)
  10 death yaks (Lair:6)
  The ghost of Ratty the Archer, a novice CeHu of Okawaru (D:8)
  2 ugly things (D:11)
  Pikel (D:5)
  2 manticores (Lair:6)
  8 elephants
  A torpor snail (Lair:6)
  3 black mambas
  A gargoyle (Volcano)
  13 spiny frogs
  4 rime drakes
  An efreet (Volcano)
  2 komodo dragons
  3 trolls
  A meliai zombie (D:13)
  8 blink frogs
  15 dream sheep (Lair:5)
  12 hippogriffs
  2 wyverns (D:11)
  2 basilisks
  A spriggan (D:7)
  42 yaks
  2 fire elementals (Volcano)
  A steam dragon (D:9)
  2 vampire mosquitoes (D:8)
  A naga (Lair:4)
  4 swamp worms (Lair:3)
  8 water moccasins
  8 porcupines
  3 sky beasts
  6 orc warriors
  4 black bears
  7 ogres
  2 phantoms
  12 wolves
  12 centaurs
  12 crocodiles
  A big kobold (D:10)
  15 bullfrogs
  A wyvern zombie (D:10)
  A gnoll sergeant (D:11)
  2 wyvern skeletons (D:12)
  2 scorpions
  7 wights
  2 electric eels
  4 crimson imps
  4 bullfrog zombies
  A jelly (D:5)
  6 hounds
  10 orc priests
  3 bullfrog skeletons
  11 orc wizards
  6 iguanas
  7 worker ants
  6 mummies (Ossuary)
  A worker ant zombie (D:11)
  12 adders
  9 gnolls
  A howler monkey skeleton (D:6)
  3 shadow imps
  An adder zombie (D:5)
  An adder skeleton (D:4)
  2 worms
  A dart slug (D:1)
  6 leopard geckos
  42 orcs
  2 ball pythons
  9 bats
  A giant cockroach (D:1)
  A gnoll zombie (Ossuary)
  16 goblins
  7 hobgoblins
  5 jackals
  5 quokkas
  5 frilled lizards
  A hobgoblin zombie (Ossuary)
  15 kobolds
  2 kobold zombies (Ossuary)
  A leopard gecko skeleton (D:4)
  An orc zombie (Ossuary)
  A quokka skeleton (D:8)
  2 quokka zombies (D:6)
  8 rats
  A fungus (Lair:5)
477 creatures vanquished.

Vanquished Creatures (collateral kills)
  2 two-headed ogres
  2 yaks (D:9)
  A water moccasin (D:6)
  An ice beast (D:7)
  A bullfrog (Lair:5)
  2 mummies (Ossuary)
  2 adders (D:2)
  A dart slug (D:2)
  A quokka (D:2)
  3 orc zombies (Ossuary)
16 creatures vanquished.

Vanquished Creatures (others)
  2 yaks (D:9)
  An ice beast (D:5)
  A slave (D:5)
  A shadow imp (D:5)
  4 fungi
  7 plants
16 creatures vanquished.

Grand Total: 509 creatures vanquished

Notes
Turn   | Place    | Note
-------+----------+-------------------------------------------
     0 | D:1      | Mandevil the Draconian Transmuter began the quest for the Orb.
     0 | D:1      | Reached XP level 1. HP: 16/16 MP: 3/3
   267 | D:1      | Reached XP level 2. HP: 20/23 MP: 5/5
   300 | D:1      | Found a shattered altar of Ashenzari.
   448 | D:1      | Learned a level 2 spell: Sticks to Snakes
  1093 | D:2      | Reached XP level 3. HP: 25/29 MP: 2/6
  1848 | D:2      | Reached XP level 4. HP: 32/36 MP: 3/7
  1884 | D:2      | Found a faded altar of an unknown god.
  2170 | D:3      | Found a shadowy altar of Dithmenos.
  2397 | D:3      | Reached XP level 5. HP: 40/42 MP: 9/9
  2472 | D:3      | Learned a level 3 spell: Spider Form
  2964 | D:3      | Found a faded altar of an unknown god.
  2964 | D:3      | Found a deep blue altar of Sif Muna.
  2969 | D:3      | Found a snail-covered altar of Cheibriados.
  2971 | D:3      | Found an opulent altar of Gozag.
  2973 | D:3      | Found a shattered altar of Ashenzari.
  3363 | D:4      | Noticed an ogre
  4355 | D:4      | Killed an ogre
  4355 | D:4      | Reached XP level 6. HP: 28/51 MP: 7/10
  4513 | D:5      | Entered Level 5 of the Dungeon
  4589 | D:5      | Noticed a water moccasin
  4609 | D:5      | Noticed a sky beast
  4623 | D:5      | Killed a sky beast
  4738 | D:5      | Got a steaming war axe
  4739 | D:5      | Identified the cursed +2 war axe "Tuty" {drain, rF+ Str+5 Int-3} (You found it on level 5 of the Dungeon)
  4765 | D:5      | Noticed Pikel
  4767 | D:5      | Noticed a slave
  4779 | D:5      | Noticed a slave
  4780 | D:5      | Noticed a slave
  4781 | D:5      | Noticed a slave
  4783 | D:5      | Noticed an ice beast
  4784 | D:5      | Killed Pikel
  4784 | D:5      | Your scales start taking on a rich purple colour.
  4784 | D:5      | Reached XP level 7. HP: 49/59 MP: 5/14
  5017 | D:5      | Found a blossoming altar of Fedhas.
  5031 | D:5      | Reached skill level 5 in Unarmed Combat
  5031 | D:5      | Reached skill level 5 in Spellcasting
  5031 | D:5      | Reached XP level 8. HP: 46/67 MP: 15/15
  5109 | D:5      | Found a radiant altar of Vehumet.
  5112 | D:5      | Found a glowing silver altar of Zin.
  5112 | D:5      | Found a sparkling altar of Nemelex Xobeh.
  5112 | D:5      | Found an iron altar of Okawaru.
  5123 | D:5      | Found a glowing golden altar of the Shining One.
  5125 | D:5      | Found a blossoming altar of Fedhas.
  5290 | D:5      | Found an ornate altar of the Wu Jian Council.
  5349 | D:6      | Reached skill level 5 in Fighting
  5349 | D:6      | Reached skill level 5 in Transmutations
  5427 | D:6      | Learned a level 4 spell: Ice Form
  5693 | D:6      | Found a sand-covered staircase.
  5705 | Ossuary  | Entered an ossuary
  6020 | D:5      | Became a worshipper of Warmaster Okawaru
  6098 | D:6      | Reached skill level 5 in Dodging
  6183 | D:7      | Reached skill level 1 in Invocations
  6282 | D:7      | Found a staircase to the Ecumenical Temple.
  6349 | D:7      | Learned a level 1 spell: Confusing Touch
  6435 | D:7      | Reached XP level 9. HP: 75/75 MP: 14/17
  6525 | D:7      | Got a smoking morningstar
  6526 | D:7      | Identified the +9 morningstar "Ixiw" {crush, +Rage rC+ rN++ Int-3} (You found it on level 7 of the Dungeon)
  6728 | D:7      | Reached * piety under Okawaru
  6878 | D:8      | Reached skill level 1 in Maces & Flails
  6880 | D:8      | Found Weoviyt's Book Emporium.
  6919 | D:8      | Noticed Ratty's ghost (novice CeHu)
  6937 | D:8      | Killed Ratty's ghost
  6937 | D:8      | Reached ** piety under Okawaru
  6937 | D:8      | Reached skill level 3 in Maces & Flails
  6974 | D:8      | Noticed a two-headed ogre
  6980 | D:8      | Killed a two-headed ogre
  6980 | D:8      | Reached skill level 4 in Maces & Flails
  7618 | D:8      | Reached *** piety under Okawaru
  7804 | D:9      | Found Jukkan's Armour Shop.
  7836 | D:9      | Reached XP level 10. HP: 50/86 MP: 18/18
  7860 | D:9      | Reached skill level 5 in Maces & Flails
  8233 | D:9      | Reached skill level 5 in Invocations
  8378 | D:9      | Reached **** piety under Okawaru
  8378 | D:9      | Reached skill level 6 in Maces & Flails
  8708 | D:9      | Noticed Gastronok
  8723 | D:9      | Killed Gastronok
  8723 | D:9      | Reached ***** piety under Okawaru
  8723 | D:9      | Reached skill level 7 in Maces & Flails
  9669 | D:9      | Reached XP level 11. HP: 85/95 MP: 19/19
  9740 | D:10     | Entered Level 10 of the Dungeon
  9977 | D:10     | You fall through a shaft for 3 floors!
  9994 | D:13     | Noticed Sonja
  9995 | D:13     | Noticed a deep elf mage
 10113 | D:12     | Noticed Erolcha
 10143 | D:12     | Received a gift from Okawaru
 10144 | D:12     | Got a scorched flail {god gift}
 10232 | D:12     | Noticed Nergalle
 10294 | D:12     | Reached skill level 8 in Maces & Flails
 10486 | D:12     | Noticed a two-headed ogre
 10493 | D:12     | Noticed a centaur warrior
 10499 | D:12     | Killed a two-headed ogre
 10501 | D:12     | HP: 3/145 [centaur warrior (10)]
 10502 | D:12     | Killed a centaur warrior
 10623 | D:12     | Noticed Fannar
 10865 | D:11     | Received a gift from Okawaru
 10865 | D:11     | Reached skill level 9 in Maces & Flails
 10866 | D:11     | Got a crystal quarterstaff {god gift}
 11025 | D:11     | Found a staircase to the Lair.
 11812 | D:11     | Noticed a brown ugly thing
 11824 | D:11     | Killed a brown ugly thing
 11838 | D:11     | Noticed a white ugly thing
 11839 | D:11     | Found a staircase to the Orcish Mines.
 11851 | D:11     | Killed a white ugly thing
 11882 | D:11     | Found a roughly hewn altar of Beogh.
 12069 | D:11     | Noticed a two-headed ogre
 12077 | D:11     | Killed a two-headed ogre
 12077 | D:11     | Received a gift from Okawaru
 12077 | D:11     | Reached skill level 10 in Fighting
 12077 | D:11     | Reached skill level 10 in Maces & Flails
 12077 | D:11     | Reached XP level 12. HP: 106/106 MP: 13/20
 12443 | D:10     | Identified the +3 flail "Toumoxaj" {vamp, rC++ Str+6 Int-4} (Okawaru gifted it to you on level 12 of the Dungeon)
 12756 | Lair:1   | Entered Level 1 of the Lair of Beasts
 14540 | Lair:2   | Reached skill level 11 in Maces & Flails
 15940 | Lair:3   | Found a staircase to the Swamp.
 15944 | Lair:3   | Received a gift from Okawaru
 16045 | Lair:3   | Reached skill level 12 in Maces & Flails
 16518 | Lair:4   | Found a staircase to the Snake Pit.
 16643 | Lair:4   | Reached ****** piety under Okawaru
 16649 | Lair:4   | Reached XP level 13. HP: 116/116 MP: 19/21
 16696 | Lair:4   | Reached skill level 1 in Throwing
 16705 | Lair:4   | Received a gift from Okawaru
 17251 | Lair:4   | Reached skill level 10 in Dodging
 17654 | Lair:5   | Found a dark tunnel.
 17657 | Lair:5   | LUNCH
 17671 | Volcano  | Entered a volcano
 17732 | Volcano  | Noticed Feta's ghost (journeyman FoFi)
 17775 | Volcano  | Killed Feta's ghost
 18348 | Lair:5   | Reached skill level 13 in Maces & Flails
 18744 | Lair:6   | Entered Level 6 of the Lair of Beasts
 19003 | Lair:6   | Received a gift from Okawaru
 19682 | Lair:6   | Found a staircase to the Slime Pits.
 20713 | Lair:6   | Reached skill level 14 in Maces & Flails
 20857 | Lair:6   | Received a gift from Okawaru
 20857 | Lair:6   | Reached XP level 14. HP: 105/124 MP: 22/22
 20890 | Lair:6   | Reached skill level 5 in Throwing
 21023 | Lair:6   | HP: 1/124 [death yak (13)]
 21546 | Lair:6   | Received a gift from Okawaru
 21675 | Lair:6   | Got a coiled brass ring
 21677 | Lair:6   | Identified the ring of Giebeawk {rF+ rN+ Slay+4} (You found it on level 6 of the Lair of Beasts)
 22142 | Orc:1    | Entered Level 1 of the Orcish Mines
 22258 | Orc:1    | Noticed a stone giant
 22263 | Orc:1    | Hit by a large rock thrown by a stone giant

Vault maps used:
D:1:      dpeg_arrival_fog, nicolae_ashenzari_panopticon
D:2:      kennysheep_the_goblin_king, chequers_ecumenical_altar_simple_redux
D:3:      chequers_temple_overflow_minitemple, first_ration,
          grunt_dithmenos_smoke
D:5:      nicolae_overflow_hidden_temple, minmay_overflow_temple_hex,
          minivault_4, fedhas_bush_and_centaur_altar, uniq_pikel
D:6:      portal_sewer_entry_f, enter_ossuary_4,
          hangedman_abyss_or_decor_jellyfish_corner
D:7:      minmay_temple_entry_glassed_door, the_bakery
D:8:      serial_shops, shop
D:9:      serial_shops, nicolae_shop_waterfront, corner_web_ring, uniq_gastronok
D:11:     minmay_lair_entry_grove, minmay_orc_entry_temple_small
D:12:     basic_altar, uniq_erolcha, uniq_fannar, uniq_urug, uniq_psyche,
          uniq_nergalle
D:13:     enter_bailey_2, uniq_sonja
Lair:1:   hangedman_lair_unloving_vines
Lair:2:   infiniplex_staircase_pool_2, lemuel_fruit_tree, grunt_megastairs_2
Lair:3:   nicolae_swamp_entry_splash_gauntlet
Lair:4:   guppyfry_snake_entry_island, minivault_26, serial_bayou_shore_b,
          infiniplex_staircase_pool
Lair:5:   enter_volcano_4, serial_bayou_pond_c
Lair:6:   evilmike_catoblepas_cave, slime_dummy, grunt_megastairs_1,
          serial_bayou_shore_a
Orc:1:    serial_shops, shop, uniq_harold
Ossuary:  ossuary_tomb_3
Volcano:  volcano_overflow

Skill      XL: |  1  2  3  4  5  6  7  8  9 10 11 12 13 14 |
---------------+-------------------------------------------+-----
Dodging        | 2 3 4 5 6 7 8 9 10 11 | 11.1
Fighting       | 2 3 4 5 7 8 10 11 | 11.3
Transmutations | 3 4 5 |  5.1
Unarmed Combat | 4 5 6 |  6.2
Spellcasting   | 3 4 5 |  5.5
Invocations    | 1 4 6 8 |  8.2
Maces & Flails | 4 7 10 12 14 | 14.3
Throwing       | 4 5 |  5.4

Action                   |  1- 3 |  4- 6 |  7- 9 | 10-12 | 13-15 || total
-------------------------+-------+-------+-------+-------+-------++-------
Melee: Unarmed           |   143 |   195 |   174 |   120 |       ||   632
       Tailslap          |    10 |    21 |    30 |    90 |    57 ||   208
       Headbutt          |     4 |     7 |     8 |    14 |     5 ||    38
       Kick              |     5 |     8 |     2 |     5 |       ||    20
       War axe           |       |     6 |    61 |       |       ||    67
       Punch             |       |       |     8 |    18 |    23 ||    49
       Morningstar       |       |       |    61 |   579 |   419 ||  1059
Throw: Stone             |    22 |    46 |     7 |    84 |     1 ||   160
       Tomahawk          |       |       |       |    12 |    49 ||    61
       Throwing net      |       |       |       |     1 |       ||     1
 Cast: Beastly Appendage |     9 |    13 |    12 |    12 |     2 ||    48
       Sticks to Snakes  |     3 |     5 |    22 |     9 |       ||    39
       Spider Form       |       |     2 |     1 |       |       ||     3
       Confusing Touch   |       |       |     1 |       |       ||     1
Invok: Heroism           |       |       |     2 |    11 |     4 ||    17
       Finesse           |       |       |       |     1 |     1 ||     2
 Abil: Breathe Dispellin |       |       |     1 |     4 |       ||     5
Evoke: Wand              |       |       |       |     2 |       ||     2
  Use: Scroll            |     5 |     7 |    13 |    12 |     8 ||    45
       Potion            |     1 |       |     2 |     2 |     1 ||     6
 Stab: Sleeping          |     1 |       |       |       |       ||     1
       Distracted        |     1 |       |     1 |       |       ||     2
  Eat: Chunk             |     3 |     6 |     6 |    26 |    18 ||    59
       Ration            |       |     1 |     2 |     1 |       ||     4
Armor: Skin              |    37 |    36 |    77 |   124 |    75 ||   349
Dodge: Dodged            |   107 |   171 |   206 |   568 |   320 ||  1372
Block: Other             |       |       |    17 |    84 |    31 ||   132
       Reflection        |       |       |       |     5 |     1 ||     6

Table legend:
 A = Spawn XP
 B = Non-spawn XP
 C = Spawn XP percentage of total XP
 D = Spawn monster count
 E = Non-spawn monster count
 F = Spawn count percentage of total count
 G = Total turns spent on level
                    A         B        C        D         E        F      G
               +---------+---------+-------+---------+---------+-------+---------
         Total |       0 |   71044 |   0.0 |       0 |     494 |   0.0 | 22263
               +---------+---------+-------+---------+---------+-------+---------
           D:1 |       0 |      40 |   0.0 |       0 |      23 |   0.0 |  1063
           D:2 |       0 |      85 |   0.0 |       0 |      26 |   0.0 |  1024
           D:3 |       0 |      92 |   0.0 |       0 |      22 |   0.0 |   957
           D:4 |       0 |     217 |   0.0 |       0 |       8 |   0.0 |  1488
           D:5 |       0 |    1206 |   0.0 |       0 |      19 |   0.0 |   832
           D:6 |       0 |     618 |   0.0 |       0 |      21 |   0.0 |   544
           D:7 |       0 |     643 |   0.0 |       0 |       9 |   0.0 |   684
           D:8 |       0 |    2799 |   0.0 |       0 |      26 |   0.0 |  1365
           D:9 |       0 |    5148 |   0.0 |       0 |      33 |   0.0 |  1526
          D:10 |       0 |    1824 |   0.0 |       0 |      34 |   0.0 |   708
          D:11 |       0 |    6595 |   0.0 |       0 |      61 |   0.0 |  1721
          D:12 |       0 |    3855 |   0.0 |       0 |      19 |   0.0 |   615
          D:13 |       0 |     262 |   0.0 |       0 |       1 |   0.0 |    32
        Lair:1 |       0 |    2351 |   0.0 |       0 |      10 |   0.0 |  1273
        Lair:2 |       0 |    5215 |   0.0 |       0 |      19 |   0.0 |  1060
        Lair:3 |       0 |    5085 |   0.0 |       0 |      25 |   0.0 |  1489
        Lair:4 |       0 |    6720 |   0.0 |       0 |      23 |   0.0 |  1067
        Lair:5 |       0 |    7119 |   0.0 |       0 |      34 |   0.0 |  1805
        Lair:6 |       0 |   18583 |   0.0 |       0 |      42 |   0.0 |  2386
         Orc:1 |       0 |     776 |   0.0 |       0 |      18 |   0.0 |   121
       Ossuary |       0 |     140 |   0.0 |       0 |      16 |   0.0 |   257
       Volcano |       0 |    1671 |   0.0 |       0 |       5 |   0.0 |   246
               +---------+---------+-------+---------+---------+-------+---------
